 Dungeon Crawl Stone Soup version 0.22-a0-880-gb7b0c8b (webtiles) character file.

959 mhoghedin the Charlatan (level 8, -3/48 HPs)
             Began as a Kobold Artificer on July 30, 2018.
             Was a Believer of Uskayaw.
             Slain by an ice beast (14 damage)
             ... on level 5 of the Dungeon.
             The game lasted 00:12:40 (5233 turns).

mhoghedin the Charlatan (Kobold Artificer)          Turns: 5233, Time: 00:12:41

Health: -3/48      AC:  3    Str: 11    XL:     8   Next: 37%
Magic:  12/12      EV: 17    Int: 12    God:    Uskayaw [**....]
Gold:   267        SH:  0    Dex: 16    Spells: 7/7 levels left

rFire    . . .     SeeInvis .   p - +0 dagger (holy)
rCold    . . .     Gourm    .   (shield restricted)
rNeg     . . .     Faith    .   b - +0 leather armour
rPois    .         Spirit   .   (no helmet)
rElec    .         Reflect  .   (no cloak)
rCorr    +         Harm     .   (no gloves)
MR       .....                  (no boots)
Stlth    ++++......             i - amulet of rage {+Rage, !d}
HPRegen  0.16/turn              l - ring of stealth {Stlth+}
MPRegen  0.13/turn              m - ring of resist corrosion

@: berserk cooldown, flying, slowed, very slow
A: small, carnivore
a: Stomp, Line Pass, Renounce Religion, Evoke Berserk Rage


You were on level 5 of the Dungeon.
You worshipped Uskayaw.
Uskayaw was noncommittal.
You were not hungry.

You visited 1 branch of the dungeon, and saw 5 of its levels.
You also visited: Sewer.

You collected 267 gold pieces.

Inventory:

Hand Weapons
 p - a +0 dagger of holy wrath (weapon)
   (You took it off a goblin on level 2 of the Dungeon)
Armour
 b - a +0 leather armour (worn)
Magical Staves
 h - an uncursed staff of earth {unknown}
   (You found it on level 4 of the Dungeon)
Jewellery
 i - an amulet of rage (around neck) {+Rage, !d}
   (You found it on level 1 of the Dungeon)
 l - a ring of stealth (left hand) {Stlth+}
   (You found it on level 3 of the Dungeon)
 m - a ring of resist corrosion (right hand)
   (You found it on level 4 of the Dungeon)
Wands
 c - a wand of flame (6)
 d - a wand of enslavement (14)
 e - a wand of random effects (15)
 w - a wand of paralysis (3)
   (You took it off an orc wizard on level 4 of the Dungeon)
Scrolls
 a - a scroll of identify
 g - a scroll of enchant weapon
 n - a scroll of teleportation
 o - 4 scrolls of remove curse
 x - a scroll of amnesia {unknown}
Potions
 j - a potion of haste
 k - a potion of cancellation
 q - 2 potions of mutation {!q}
 r - a potion of flight
 s - a potion of invisibility {unknown}
 t - 3 potions of heal wounds
 u - a potion of lignification {unknown}
 v - a potion of curing {unknown}
Comestibles
 f - 12 rations


   Skills:
 + Level 4.4 Fighting
 + Level 5.3 Short Blades
 + Level 5.4 Dodging
 + Level 5.8 Stealth
 + Level 6.0 Evocations


You had 7 spell levels left.
You didn't know any spells.
Your spell library was empty.

Dungeon Overview and Level Annotations

Branches:
Dungeon (5/15)
 Temple: D:4-7

Altars:
Sif Muna
Trog
Uskayaw

Annotations:
D:5 exclusion: 2 slaves, Pikel


Innate Abilities, Weirdness & Mutations

You are small and have problems with some larger weapons.
You are carnivorous and can eat meat at any time.


Message History

Where to? (Enter - D:3 @ (x,y), ? - help)
There is a stone staircase leading down here.
You climb downwards.
A ball python and 2 slaves come into view.
Found a stone staircase leading down.
There is a stone staircase leading up here.
There are monsters nearby!
Unknown command.
The helpless ball python fails to defend itself.
You spit the ball python like a pig!!!
You kill the ball python!
A worker ant comes into view.
The helpless worker ant fails to defend itself.
You impale the worker ant!!
You kill the worker ant!
Your Evocations skill increases to level 6!
An adder comes into view.
The helpless adder fails to defend itself.
You spit the adder like a pig!!!
You kill the adder!
You see here a mace.
Found a stone staircase leading down.
No target in view!
There is a stone staircase leading down here.
A howler monkey comes into view.
The howler monkey howls!
You hit the howler monkey. The howler monkey misses you.
You hit the howler monkey but do no damage.
The howler monkey hits you but does no damage.
You hit the howler monkey but do no damage.
The howler monkey hoots and howls with incredible vigour!
You hear a shout! x2; You hear an angry hiss.
You hear a shout! x2
You stomp with the beat, sending a shockwave through the revelers around you!
You feel somewhat more hungry.
You can no longer stomp with the beat.
The howler monkey completely misses you.
You now have 9/12 mp.
You hit the howler monkey. The howler monkey hits you.
You take 4 damage, and have 44/48 hp.
You hit the howler monkey but do no damage.
The howler monkey misses you.
You closely miss the howler monkey.
The howler monkey completely misses you.
A red film seems to cover your vision as you go berserk!
You feel yourself moving faster!
You feel mighty!
You feel a lot more hungry. The howler monkey closely misses you.
You now have 66/72 hp.
You puncture the howler monkey!
The howler monkey hoots and howls with incredible vigour!
You hear a shout!
You can now stomp with the beat.
You hit the howler monkey.
You kill the howler monkey!
You see here a howler monkey corpse.
You butcher the howler monkey corpse.
You feel a strong urge to attack something.
z - 2 chunks of flesh {@w0} Eating one of 2 chunks of flesh {@w0}.
You eat one of the 2 chunks of flesh {@w0}.
This raw flesh tastes great.
You feel your anger nearly subside.
Eating a chunk of flesh {@w0}.
You eat the chunk of flesh {@w0}.
This raw flesh tastes great.
You are no longer berserk.
You are exhausted.
You feel yourself slow down.
You now have 45/48 hp.
An ice beast comes into view.
It was a potion of flight.
You feel very buoyant.
You fly up into the air.
As you read the scroll of identify, it crumbles to dust.
t - 3 potions of heal wounds MP restored: 12
Okay, then.
Unknown command.
Unknown command.
Aim: an ice beast The puff of flame hits the ice beast.
The ice beast melts!
Pikel the Slaver comes into view.
He is wielding a whip of flaming.
The ice beast hits you. The ice beast freezes you! The ice beast hits you.
The ice beast freezes you!
Pikel moves out of view.
You take 27 damage, and have 20/48 hp.
MASSIVE DAMAGE!!
Aim: an ice beast (moderately wounded)
The puff of flame misses the ice beast.
The ice beast hits you. The ice beast freezes you.
* * * LOW HITPOINT WARNING * * *
You take 8 damage, and have 12/48 hp.
Aim: an ice beast (moderately wounded)
The puff of flame hits the ice beast.
The ice beast melts!
The ice beast hits you but does no damage.
The ice beast completely misses you.
You can now pass through a line of other dancers.
Aim: an ice beast (severely wounded)
The puff of flame hits the ice beast.
The ice beast melts!
The ice beast hits you.
* * * LOW HITPOINT WARNING * * *
The ice beast freezes you!
You die...

#### ...# ########
...# #......#
####...###. #.####.#
#..........
#.####.###..........
#.##......Y.........
#.##.#Y######...#...
#.##.#@## ...#
#.......# ...#
#>##.##.#########
#.##.(..K........
#.#####)#........
#.......#........
######..........#
#.##........
#.##........


p You could see Pikel and an ice beast.

Vanquished Creatures
  A water moccasin (D:3)
  Purgy (Sewer)
  The ghost of Goblin1989 the Cutter, an amateur DsWr of Ru (D:3)
  A bullfrog (D:3)
  A howler monkey (D:5)
  An orc priest (D:4)
  A bullfrog skeleton (D:4)
  A hound (D:4)
  4 orc wizards
  Terence (D:3)
  Natasha (thrice) (D:4)
  2 worker ants
  A hound skeleton (D:4)
  11 adders
  A river rat (D:3)
  An ooze (D:3)
  An adder skeleton (D:4)
  An adder zombie (D:2)
  2 worms
  2 dart slugs
  2 leopard geckos (D:4)
  15 orcs
  5 giant cockroaches
  8 goblins
  10 hobgoblins
  6 jackals
  A ball python (D:5)
  A bat (D:2)
  7 frilled lizards
  7 kobolds
  15 rats
115 creatures vanquished.

Vanquished Creatures (collateral kills)
  An orc (D:4)
1 creature vanquished.

Grand Total: 116 creatures vanquished

Notes
Turn   | Place    | Note
-------+----------+-------------------------------------------
     0 | D:1      | mhoghedin the Kobold Artificer began the quest for the Orb.
     0 | D:1      | Reached XP level 1. HP: 12/12 MP: 3/3
   145 | D:1      | Reached XP level 2. HP: 15/16 MP: 4/4
   418 | D:1      | Reached skill level 2 in Stealth
   645 | D:1      | Reached skill level 2 in Short Blades
   647 | D:1      | Reached XP level 3. HP: 20/20 MP: 5/5
   941 | D:2      | Found a hide-covered altar of Uskayaw.
   941 | D:2      | Noticed a hand axe
   941 | D:2      | Noticed a dagger
   981 | D:2      | Became a worshipper of Uskayaw the Reveler
  1006 | D:2      | Found a bloodstained altar of Trog.
  1008 | D:2      | Reached * piety under Uskayaw
  1012 | D:2      | Found a deep blue altar of Sif Muna.
  1153 | D:2      | Reached skill level 3 in Dodging
  1153 | D:2      | Reached skill level 4 in Evocations
  1413 | D:2      | Reached ** piety under Uskayaw
  1456 | D:2      | Reached XP level 4. HP: 22/26 MP: 7/7
  1546 | D:2      | Reached skill level 2 in Fighting
  2039 | D:3      | Noticed Terence
  2048 | D:3      | Killed Terence
  2048 | D:3      | Reached skill level 3 in Stealth
  2048 | D:3      | Reached XP level 5. HP: 13/31 MP: 8/8
  2059 | D:3      | Found a runed door.
  2065 | D:3      | Noticed a bullfrog
  2067 | D:3      | Noticed Goblin1989's ghost (amateur DsWr)
  2265 | D:3      | Killed a bullfrog
  2265 | D:3      | Reached skill level 3 in Short Blades
  2265 | D:3      | Reached *** piety under Uskayaw
  2266 | D:3      | Reached XP level 6. HP: 36/36 MP: 9/9
  2268 | D:3      | Reached **** piety under Uskayaw
  2275 | D:3      | Killed Goblin1989's ghost
  2275 | D:3      | Reached skill level 3 in Fighting
  2275 | D:3      | Reached skill level 4 in Dodging
  2275 | D:3      | Reached skill level 4 in Stealth
  2330 | D:3      | Found a glowing drain.
  2355 | Sewer    | Entered a sewer
  2540 | Sewer    | Noticed Purgy
  2557 | Sewer    | Killed Purgy
  2557 | Sewer    | Reached skill level 4 in Short Blades
  2557 | Sewer    | Reached skill level 5 in Evocations
  2557 | Sewer    | Reached XP level 7. HP: 41/41 MP: 10/10
  2970 | D:3      | Noticed a water moccasin
  2978 | D:3      | Killed a water moccasin
  3558 | D:4      | Reached skill level 5 in Stealth
  3953 | D:4      | Reached skill level 5 in Dodging
  4036 | D:4      | Reached skill level 4 in Fighting
  4036 | D:4      | Reached XP level 8. HP: 48/48 MP: 12/12
  4072 | D:4      | Noticed Natasha
  4094 | D:4      | Killed Natasha
  4233 | D:4      | Noticed Natasha
  4252 | D:4      | Killed Natasha
  4255 | D:4      | Noticed Natasha
  4280 | D:4      | Killed Natasha
  4280 | D:4      | Reached skill level 5 in Short Blades
  4725 | D:4      | Paralysed by an orc wizard for 4 turns
  5136 | D:5      | Entered Level 5 of the Dungeon
  5157 | D:5      | Reached skill level 6 in Evocations
  5230 | D:5      | Noticed Pikel
  5231 | D:5      | HP: 12/48 [ice beast (5)]
  5233 | D:5      | Slain by an ice beast

Vault maps used:
D:1:      onia_arrival_mini_maze
D:2:      nicolae_overflow_hidden_temple, bloody_trog, dancing_weapons_uskayaw
D:3:      ebering_ghost_sewer_d, portal_sewer_entry_b, uniq_terence
D:4:      first_ration, uniq_natasha
D:5:      uniq_pikel
Sewer:    sewer_the_crocodile

Skill      XL: |  1  2  3  4  5  6  7  8 |
---------------+-------------------------+-----
Stealth        | 2 3 4 5 |  5.8
Short Blades   | 2 3 4 5 |  5.3
Dodging        | 3 4 5 |  5.4
Evocations     | 4 5 6 |  6.0
Fighting       | 2 3 4 |  4.4

Action                   |  1- 3 |  4- 6 |  7- 9 || total
-------------------------+-------+-------+-------++-------
Melee: Dagger            |   153 |    98 |   200 ||   451
       Short sword       |     9 |       |       ||     9
Invok: Stomp             |       |     4 |    10 ||    14
 Abil: Evoke Berserk Rag |     1 |     7 |    10 ||    18
Evoke: Wand              |       |     3 |     7 ||    10
  Use: Scroll            |     7 |     1 |     6 ||    14
       Potion            |       |       |     1 ||     1
 Stab: Sleeping          |     6 |     3 |    15 ||    24
       Paralysed         |       |     1 |       ||     1
  Eat: Chunk             |    11 |    10 |    16 ||    37
Armor: Leather armour    |    24 |    24 |    16 ||    64
Dodge: Dodged            |    78 |   100 |   119 ||   297

Table legend:
 A = Spawn XP
 B = Non-spawn XP
 C = Spawn XP percentage of total XP
 D = Spawn monster count
 E = Non-spawn monster count
 F = Spawn count percentage of total count
 G = Total turns spent on level
                    A         B        C        D         E        F      G
               +---------+---------+-------+---------+---------+-------+---------
         Total |       0 |    1371 |   0.0 |       0 |     116 |   0.0 |  5233
               +---------+---------+-------+---------+---------+-------+---------
           D:1 |       0 |      36 |   0.0 |       0 |      22 |   0.0 |   941
           D:2 |       0 |      64 |   0.0 |       0 |      21 |   0.0 |   997
           D:3 |       0 |     556 |   0.0 |       0 |      34 |   0.0 |  1433
           D:4 |       0 |     478 |   0.0 |       0 |      29 |   0.0 |  1420
           D:5 |       0 |      97 |   0.0 |       0 |       4 |   0.0 |    97
         Sewer |       0 |     140 |   0.0 |       0 |       6 |   0.0 |   345
               +---------+---------+-------+---------+---------+-------+---------

Vault maps used:
D:1:      onia_arrival_mini_maze
D:2:      nicolae_overflow_hidden_temple, bloody_trog, dancing_weapons_uskayaw
D:3:      ebering_ghost_sewer_d, portal_sewer_entry_b, uniq_terence
D:4:      first_ration, uniq_natasha
D:5:      uniq_pikel
Sewer:    sewer_the_crocodile

Table legend:
 A = Turns spent in this place as a percentage of turns spent in the entire game.
 B = Non-inter-level travel turns spent in this place as a percentage of non-inter-level travel turns spent in the entire game.
 C = Inter-level travel turns spent in this place as a percentage of turns spent in this place.
 D = Turns resting spent in this place as a percentage of non-inter-level travel turns spent in this place.
 E = Turns spent auto-exploring this place as a percentage of non-inter-level travel turns spent in this place.
 F = Non-inter-level travel turns spent in this place divided by the number of levels of this place that you've seen.
                   A       B       C       D       E      F
               +-------+-------+-------+-------+-------+----------------------
         Total | 100.0 | 100.0 |   2.6 |  32.9 |  40.8 | 849.2
       Dungeon |  93.4 |  93.2 |   2.8 |  31.2 |  42.2 | 950.0
         Sewer |   6.6 |   6.8 |   0.0 |  55.7 |  22.0 | 345.0
               +-------+-------+-------+-------+-------+----------------------

Table legend:
 A = Kills in this place as a percentage of kills in entire the game.
 B = Kills by you in this place as a percentage of kills by you in the entire game.
 C = Kills by friends in this place as a percentage of kills by friends in the entire game.
 D = Other kills in this place as a percentage of other kills in the entire game.
 E = Experience gained in this place as a percentage of experience gained in the entire game.
 F = Experience gained in this place divided by the number of levels of this place that you have seen.
                   A       B       C       D       E      F
               +-------+-------+-------+-------+-------+----------------------
         Total | 100.0 | 100.0 | 100.0 |   N/A | 100.0 | 228.5
       Dungeon |  94.8 |  94.8 | 100.0 |   N/A |  89.8 | 246.2
         Sewer |   5.2 |   5.2 |   0.0 |   N/A |  10.2 | 140.0
               +-------+-------+-------+-------+-------+----------------------
